 Dungeon Crawl Stone Soup version 0.29.1-12-g30fa7ad0bf (webtiles) character file.

Game seed: 11016962318166465902

43 KittyFluff the Trooper (level 3, 0/34 HPs)
             Began as a Gargoyle Berserker on Jan 12, 2023.
             Was a Believer of Trog.
             Slain by a goblin
             ... wielding a +0 dagger
             ... led by Robin
              (1 damage)
             ... on level 1 of the Dungeon.
             The game lasted 00:04:28 (1153 turns).

KittyFluff the Trooper (Gargoyle Berserker)         Turns: 1153, Time: 00:04:29

Health: 0/34       AC: 21    Str: 20    XL:     3   Next: 58%
Magic:  3/3        EV:  2    Int:  7    God:    Trog [**....]
Gold:   51         SH:  0    Dex: 11    Spells: 2/2 levels left

rFire   . . .      SeeInvis .   a - +0 mace
rCold   . . .      Faith    .   (no shield)
rNeg    + . .      Spirit   .   (body armour currently unavailable)
rPois   ∞          Reflect  .   (helmet currently unavailable)
rElec   .          Harm     .   (cloak currently unavailable)
rCorr   .          Rampage  .   (gloves currently unavailable)
Will    .....      NoTele   +   (boots currently unavailable)
Stlth   +.........              (no amulet)
HPRegen 0.11/turn               (no ring)
MPRegen 0.08/turn               (no ring)

@: tree-form, on berserk cooldown
A: stationary, stasis, torment immunity, boosted hp, sickness immunity, AC +3,
negative energy resistance 1, (electricity resistance), torment resistance 1,
petrification resistance
a: Renounce Religion, Berserk, Trog's Hand


You were on level 1 of the Dungeon.
You worshipped Trog.
Trog was pleased with you.
You were a tree.
You visited 1 branch of the dungeon, and saw 2 of its levels.

You collected 51 gold pieces.

Inventory:

Hand Weapons
 a - a +0 mace (weapon)
 e - a +0 longbow
Missiles
 c - 16 stones (quivered)
Armour
 l - a +0 leather armour (melded)
Jewellery
 g - a ring of fire
 j - a ring of ice
Scrolls
 f - a scroll of poison {unknown}
 h - a scroll of enchant armour {unknown}
 i - 2 scrolls of identify {unknown}
 n - a scroll of torment {unknown}
Potions
 k - a potion of resistance {unknown}
 m - a potion of attraction {unknown}


   Skills:
 + Level 3.5 Fighting
 * Level 3.5 Maces & Flails
 * Level 3.0 Armour
 + Level 1.9 Dodging


You had 2 spell levels left.
You didn't know any spells.
Your spell library was empty.

Dungeon Overview and Level Annotations

Branches:
Dungeon (2/15)

Altars:

Annotations:
D:2 Robin


Innate Abilities, Weirdness & Mutations

You are a tree.
Your roots penetrate the ground, keeping you stationary.
You cannot be teleported.
You are immune to unholy pain and torment.
Your maximum health is greatly increased.
Your equipment is partially melded.
You are immune to sickness and miasma.
((Your stone body is resilient. (AC +3)))
You are immune to poison.
You resist negative energy. (rN+)
((You are resistant to electric shocks. (rElec)))
You are resistant to unholy torment.
You are immune to petrification.


Message History

a +0 dagger; a +0 sling; a goblin corpse You feel a strong urge to attack something.
The goblin no longer looks unusually strong.
You are no longer berserk.
You are exhausted.
You feel yourself slow down. The hobgoblin hits you.
* * * LOW HITPOINT WARNING * * *
The hobgoblin hits you but does no damage.
You closely miss the hobgoblin. The hobgoblin completely misses you.
You hit the hobgoblin but do no damage. The hobgoblin barely misses you.
The hobgoblin hits you.
* * * LOW HITPOINT WARNING * * *
You barely miss the hobgoblin. The hobgoblin barely misses you.
The hobgoblin hits you.
* * * LOW HITPOINT WARNING * * *
You hit the hobgoblin but do no damage.
The hobgoblin hits you but does no damage. x2
You barely miss the hobgoblin. The hobgoblin barely misses you.
The hobgoblin hits you.
* * * LOW HITPOINT WARNING * * *
You closely miss the hobgoblin. The hobgoblin closely misses you. x2
You barely miss the hobgoblin.
The hobgoblin hits you but does no damage.
The hobgoblin barely misses you.
You thump the hobgoblin!
You kill the hobgoblin!
Trog accepts your kill. The goblin hits you with a +0 dagger.
* * * LOW HITPOINT WARNING * * *
It was a potion of cancellation.
Your magical effects are unravelling.
You feel magically purged.
You feel yourself speed up. The goblin hits you with a +0 dagger.
* * * LOW HITPOINT WARNING * * *
It was a potion of lignification.
You turn into a tree.
Your +0 leather armour melds into your body.
Your roots penetrate the ground.
The goblin hits you with a +0 dagger.
You die...

#...........#.###.##..#
#...........#...#.....#
#...........#.........#
###########.###.##..#.#
#...#.......#
#######.###.>####
#.......# ##)#
#.##########.#
########)#......♣gg.#
.......#.#.##########
.#####.#.#.#.....# .#
#...#....##.# ##
#######..##.####
####### #...........#
......###..####...#.#
#####.#....#......#.#
#.#.#......#....##


You could see 2 goblins.

Vanquished Creatures
  A gnoll (D:1)
  A dart slug (D:1)
  4 endoplasms (D:1)
  2 goblins (D:1)
  4 hobgoblins
  2 kobolds (D:1)
  4 ball pythons
  4 bats (D:1)
  3 frilled lizards (D:1)
  6 rats
31 creatures vanquished.

Notes
Turn   | Place    | Note
-------+----------+-------------------------------------------
     0 | D:1      | KittyFluff the Gargoyle Berserker began the quest for the
                  | Orb.
     0 | D:1      | Reached XP level 1. HP: 14/14 MP: 1/1
   203 | D:1      | Reached XP level 2. HP: 16/19 MP: 2/2
   686 | D:1      | Reached XP level 3. HP: 7/23 MP: 3/3
   959 | D:1      | Reached ** piety under Trog
  1119 | D:2      | Noticed Robin
  1152 | D:1      | HP: 1/23 [goblin/+0 dagger[Robin] (2)]
  1153 | D:1      | Slain by a goblin

Illustrated notes

Levels and vault maps discovered:
D:1:      lemuel_arrival_room, layout_basic, minmay_misc_feat_square
D:2:      layout_rooms, nicolae_ecumenical_snake_handling,
          nicolae_concentric_dashed_squares_wild, minmay_fountain_box,
          kennysheep_decorative_pillar, minmay_split_cup_large, uniq_robin

Skill      XL: |  1  2  3 |
---------------+----------+-----
Armour         | 3 |  3.0
Fighting       | |  3.5
Maces & Flails | |  3.5
Dodging        | |  1.9

Action                   || total
-------------------------++-------
Melee: Mace              ||    98
       Punch             ||     1
Invok: Berserk           ||     1
  Use: Potion            ||     2
Armor: Animal skin       ||    20
       Leather armour    ||    36
Dodge: Dodged            ||    88
